 Dungeon Crawl Stone Soup version 0.14-a0-1663-g0b35444 (webtiles) character file.

46097 4tharraofdagon the Conjurer (level 13, -4/86 HPs)
             Began as a Demigod Fire Elementalist on Dec 28, 2013.
             Slain by a vampire mosquito (7 damage)
             ... on Level 13 of the Dungeon.
             The game lasted 01:53:33 (10373 turns).

4tharraofdagon the Conjurer (DgFE)                 Turns: 10373, Time: 01:53:33

HP  -4/86        AC  4     Str 14      XL: 13   Next: 60%
MP  13/41        EV 16     Int 24      God:
Gold 1111        SH 11     Dex 23      Spells:  6 memorised, 14 levels left

rFire  + . .     SeeInvis .     J - staff of energy
rCold  . . .     Clarity  .     k - +0 troll hide
rNeg   . . .     Conserve .     m - +0 buckler
rPois  .         rCorr    .     (no helmet)
rElec  .         rRot     .     p - +1 elf cloak
SustAb . .       Spirit   .     z - -1 pair of gloves
rMut   .         Warding  .     (no boots)
Gourm  +         Stasis   .     H - amulet of the gourmand
                                D - ring of magical power
                                I - ring of protection from fire

@: agile, somewhat resistant to hostile enchantments, quite stealthy
A: no striking features
a: no special abilities


You were on level 13 of the Dungeon.
You were very full.

You visited 2 branches of the dungeon, and saw 21 of its levels.
You also visited: Bailey and Ice Cave.

You collected 1248 gold pieces.
You spent 137 gold pieces at shops.

Inventory:

Hand weapons
 f - the +10,+9 trident of Wowyng {flame, +Inv Str+3}
   (You found it on level 8 of the Lair of Beasts)

   It emits flame when wielded, causing extra injury to most foes and up to
   double damage against particularly susceptible opponents.
   It affects your strength (+3).
   It lets you turn invisible.
 n - a +4,+4 flail of protection
 y - the +6,+12 broad axe "Shumoukuo" {pain, +Fly}
   (You found it on level 8 of the Lair of Beasts)

   In the hands of one skilled in necromantic magic, it inflicts extra damage on
   living creatures.
   It lets you fly.
 A - the +5,+7 short sword of the Sun {drain, rF+}
   (You found it on level 3 of the Lair of Beasts)

   A truly terrible weapon, it drains the life of those it strikes.
   It protects you from fire.
 F - a +2 blowgun
Missiles
 g - 29 darts (quivered)
 G - 2 curare-tipped needles
Armour
 k - a +0 troll hide (worn)
 m - a +0 buckler (worn)
 p - a +1 elven cloak (worn)
 z - a -1 pair of gloves (worn)
 X - a +2 robe of magic resistance
Magical devices
 V - a wand of draining (0)
 Y - a wand of lightning (1)
 Z - a wand of disintegration (24)
Comestibles
 c - 9 bread rations
 s - 2 meat rations
 O - a sausage
 T - a honeycomb
 W - a pear
Scrolls
 d - 5 scrolls of remove curse
 h - a scroll of random uselessness
 i - 3 scrolls of enchant armour {unknown}
 l - 5 scrolls of magic mapping
Jewellery
 D - a ring of magical power (right hand)
 E - an uncursed amulet of resist corrosion {unknown}
 H - an amulet of the gourmand (around neck)
 I - a ring of protection from fire (left hand)
 L - an uncursed amulet of warding
Potions
 a - 3 potions of restore abilities
 e - 2 potions of curing
 o - 2 potions of lignification
 t - a potion of resistance
 B - a potion of brilliance
 U - 2 potions of porridge
Books
 b - a book of Flames

   Spells                             Type                      Level
   *Flame Tongue                      Conjuration/Fire             1
   Throw Flame                        Conjuration/Fire             2
   *Conjure Flame                     Conjuration/Fire             3
   Inner Flame                        Hexes/Fire                   3
   *Sticky Flame                      Conjuration/Fire             4
   *Fireball                          Conjuration/Fire             5
 r - a book of Party Tricks

   Spells                             Type                      Level
   Summon Butterflies                 Summoning                    1
   *Apportation                       Translocation                1
   *Blink                             Translocation                2
   Alistair's Intoxication            Transmutation/Poison         4
   Tukima's Dance                     Hexes                        5
 K - a book of Burglary

   Spells                             Type                      Level
   *Apportation                       Translocation                1
   Swiftness                          Charms/Air                   2
   Passwall                           Transmutation/Earth          3
   Passage of Golubria                Translocation                4
   Lee's Rapid Deconstruction         Earth                        5
   Darkness                           Hexes                        7
Magical staves
 J - an uncursed staff of energy (weapon)
 N - an uncursed staff of air
 S - an uncursed staff of death
Miscellaneous
 q - a plain deck of summonings {the Bones}
 w - a lantern of shadows
 P - a plain deck of wonders


   Skills:
 - Level 1.7 Dodging
 - Level 1.7 Stealth
 + Level 1.7 Shields
 - Level 9.0 Spellcasting
 - Level 13.4 Conjurations
 - Level 4.6 Translocations
 - Level 13.4 Fire Magic
 * Level 5.6 Evocations


You had 14 spell levels left.
You knew the following spells:

 Your Spells              Type           Power        Failure   Level  Hunger
a - Flame Tongue          Conj/Fire      #####        1%          1    None
b - Conjure Flame         Conj/Fire      ######..     1%          3    None
c - Sticky Flame          Conj/Fire      ######..     1%          4    None
d - Fireball              Conj/Fire      ######....   1%          5    None
e - Apportation           Tloc           ####......   1%          1    None
f - Blink                 Tloc           N/A          1%          2    None


Dungeon Overview and Level Annotations

Branches:
Dungeon (13/16)              Lair (8/8) D:8           Swamp (0/5) Lair:6
 Shoals (0/5) Lair:5       Spider (0/5) Lair:5        Slime (0/6) Lair:6
 Temple: D:4-7          Orc: D:9-12

Shops:
D:6 *(   D:10 [   D:11 *}

Annotations:
D:11 Bastard's ghost, powerful MfGl
D:13 Maurice
Lair:8 exclusion: hydra, Bastard's ghost, powerful DsGl


Message History

Drink which item? (? for menu, Esc to quit)
You feel better.
The vampire mosquito burns!
The vampire mosquito stops burning.
The vampire mosquito bites you!
* * * LOW HITPOINT WARNING * * *
The vampire mosquito draws strength from your injuries!
The vampire mosquito closely misses you.
You block the vampire mosquito's attack.
The vampire mosquito bites you.
* * * LOW HITPOINT WARNING * * *
The vampire mosquito draws strength from your injuries!
Unknown command.
Casting: Sticky Flame
Confirm with . or Enter, or press ? or * to list all spells.
Aiming: Apportation
Press: ? - help Apport: a large rock Yoink!
You pull the item towards yourself.
The vampire mosquito misses you. The vampire mosquito bites you!
You die...

... ..# ..........##
............##
Y.............##
................##
.................##
..................##
.............Y......##
....#.....C....y@....#
...###........(y......#
....#..................#
........................
.............#.Z........
.......ยง....###........
#######......#........
#...?..........
#..............


You could see a cyclops, 2 vampire mosquitoes, a sheep and a wyvern zombie.

Vanquished Creatures
  Fannar (D:11)
  Harold (D:10)
  3 hydras
  Erica (D:10)
  A deep troll shaman (Lair:8)
  8 death yaks
  A catoblepas (Lair:8)
  Erolcha (D:11)
  2 giant amoebae (Lair:6)
  2 orc knights (Bailey)
  A lindwurm (Lair:8)
  A necromancer (Lair:5)
  A griffon (Lair:7)
  3 hill giants
  3 cyclopes
  4 elephants
  3 black mambas
  A fire drake (Lair:8)
  7 spiny frogs
  A two-headed ogre (D:9)
  6 komodo dragons
  3 slime creatures (D:12)
  2 trolls
  A polar bear (Lair:4)
  2 brown oozes (Lair:6)
  A basilisk (Lair:8)
  7 blink frogs
  A shark (Lair:5)
  7 ugly things (D:13)
  28 yaks
  A grizzly bear (Lair:4)
  20 wolves
  A hungry ghost (D:12)
  Grum (D:13)
  2 wyverns
  A hill giant skeleton (D:8)
  8 hippogriffs
  A steam dragon (D:8)
  2 freezing wraiths (IceCv)
  3 orc warriors
  6 porcupines
  16 ice beasts
  4 black bears
  A sky beast (D:6)
  2 alligator simulacra (IceCv)
  A phantom (D:9)
  7 centaurs
  2 yellow wasps
  5 big kobolds
  2 boring beetles
  5 crocodiles
  Duvessa (D:8)
  3 ogres
  4 giant slugs
  5 agate snails
  11 giant frogs
  12 water moccasins
  An electric eel (Lair:8)
  3 wights (D:10)
  A swamp dragon simulacrum (IceCv)
  A troll skeleton (D:9)
  Dowan (D:8)
  7 crimson imps
  A goliath beetle (D:10)
  2 jellies
  7 hounds
  6 orc wizards
  A basilisk skeleton (D:13)
  A quasit (D:8)
  A giant frog skeleton (D:12)
  A manticore simulacrum (D:10)
  2 orc priests (D:8)
  7 worker ants
  A centaur skeleton (D:7)
  6 iguanas
  3 grizzly bear simulacra (Lair:5)
  A scorpion (D:8)
  A wolf simulacrum (IceCv)
  34 sheep
  A hound zombie (D:11)
  A gnoll (D:6)
  20 green rats
  22 adders
  5 white imps (IceCv)
  A goliath beetle zombie (D:12)
  3 hound simulacra (Lair:5)
  A giant mite (Lair:5)
  4 worms
  2 giant eyeballs (D:8)
  3 sheep simulacra (Lair:5)
  A giant gecko (Lair:1)
  21 orcs
  15 bats
  5 giant cockroaches
  4 goblins
  9 hobgoblins
  17 jackals
  10 quokkas
  A giant newt (D:6)
  A jackal zombie (D:8)
  32 kobolds
  7 rats
  2 rat simulacra (Lair:5)
  A fungus (Lair:6)
509 creatures vanquished.

Vanquished Creatures (collateral kills)
  A hill giant (D:12)
  A scorpion (D:12)
  A kobold (D:12)
3 creatures vanquished.

Vanquished Creatures (others)
  An adder (D:12)
  A green rat (Lair:8)
  7 fungi
  4 plants (Lair:8)
13 creatures vanquished.

Grand Total: 525 creatures vanquished

Notes
Turn   | Place    | Note
--------------------------------------------------------------
     0 | D:1      | 4tharraofdagon, the Demigod Fire Elementalist, began the quest for the Orb.
     0 | D:1      | Reached XP level 1. HP: 14/14 MP: 3/3
     4 | D:2      | Reached skill level 1 in Conjurations
   168 | D:2      | Reached XP level 2. HP: 17/20 MP: 0/4
   277 | D:3      | Reached skill level 3 in Fire Magic
   352 | D:3      | Found a deep blue altar of Sif Muna.
   578 | D:4      | Reached XP level 3. HP: 26/26 MP: 0/8
   583 | D:4      | Learned a level 3 spell: Conjure Flame
   631 | D:5      | Entered Level 5 of the Dungeon
   666 | D:6      | Found Bifres' Assorted Antiques.
   694 | D:6      | Bought an orange potion for 25 gold pieces
   706 | D:6      | Noticed a sky beast
   713 | D:6      | Killed a sky beast
   713 | D:6      | Reached XP level 4. HP: 22/33 MP: 1/11
   747 | D:6      | Noticed a sky beast
   782 | D:6      | Bought a cyan potion for 25 gold pieces
   788 | D:6      | Reached skill level 4 in Fire Magic
   816 | D:6      | Found Cithacus' Weapon Boutique.
   885 | D:7      | Reached XP level 5. HP: 35/38 MP: 8/12
   891 | D:7      | Learned a level 4 spell: Sticky Flame
  1034 | D:7      | Found a flagged portal.
  1056 | Bailey   | Entered a bailey
  1198 | Bailey   | Noticed an orc knight
  1287 | Bailey   | Killed an orc knight
  1287 | Bailey   | Reached skill level 5 in Fire Magic
  1287 | Bailey   | Reached XP level 6. HP: 45/45 MP: 3/17
  1287 | Bailey   | Reached XP level 7. HP: 50/50 MP: 3/18
  1370 | Bailey   | Noticed an orc warrior
  1370 | Bailey   | Noticed an orc knight
  1401 | Bailey   | Killed an orc knight
  1401 | Bailey   | Reached skill level 5 in Conjurations
  1401 | Bailey   | Reached skill level 6 in Fire Magic
  1410 | Bailey   | Killed an orc warrior
  1437 | Bailey   | Learned a level 5 spell: Fireball
  1447 | Bailey   | Found a burning altar of Makhleb.
  1509 | D:7      | Reached XP level 8. HP: 57/57 MP: 12/20
  1586 | D:8      | Noticed Duvessa
  1598 | D:8      | Noticed Dowan
  1603 | D:8      | Killed Duvessa
  1610 | D:8      | Killed Dowan
  1748 | D:8      | Found a staircase to the Lair.
  1846 | D:8      | Reached skill level 7 in Fire Magic
  2431 | D:8      | Found a white marble altar of Elyvilon.
  2438 | D:8      | Found a burning altar of Makhleb.
  2438 | D:8      | Found a glowing silver altar of Zin.
  2467 | D:8      | Reached XP level 9. HP: 62/62 MP: 16/23
  2572 | D:8      | Reached skill level 8 in Fire Magic
  2595 | D:8      | Reached skill level 5 in Spellcasting
  2618 | Lair:1   | Entered Level 1 of the Lair of Beasts
  3100 | Lair:3   | Got a brightly glowing short sword
  3115 | Lair:3   | Identified the +5,+7 short sword of the Sun {drain, rF+} (You found it on level 3 of the Lair of Beasts)
  3189 | Lair:3   | Reached skill level 9 in Fire Magic
  3200 | Lair:3   | Found a blossoming altar of Fedhas.
  3235 | Lair:3   | Reached XP level 10. HP: 36/69 MP: 2/26
  3564 | Lair:3   | Found a frozen archway.
  3652 | IceCv    | Entered an ice cave
  3801 | IceCv    | Reached skill level 10 in Fire Magic
  4074 | Lair:4   | Learned a level 1 spell: Apportation
  4077 | Lair:4   | Learned a level 2 spell: Blink
  4180 | Lair:4   | Reached skill level 1 in Translocations
  4216 | Lair:5   | Found a hole to the Spider Nest.
  4366 | Lair:5   | Noticed a necromancer
  4433 | Lair:5   | Killed a necromancer
  4433 | Lair:5   | Reached skill level 10 in Conjurations
  4507 | Lair:5   | Reached XP level 11. HP: 63/74 MP: 8/28
  4659 | Lair:5   | Found a staircase to the Shoals.
  4886 | Lair:5   | Noticed a death yak
  4888 | Lair:5   | Noticed a death yak
  4888 | Lair:5   | Noticed a death yak
  4890 | Lair:5   | Noticed a death yak
  4891 | Lair:5   | Noticed a death yak
  5000 | Lair:5   | Killed a death yak
  5020 | Lair:5   | Killed a death yak
  5021 | Lair:5   | Killed a death yak
  5033 | Lair:5   | Killed a death yak
  5047 | Lair:5   | Killed a death yak
  5047 | Lair:5   | Reached skill level 11 in Fire Magic
  5264 | Lair:6   | Found a staircase to the Slime Pits.
  5645 | Lair:7   | Found an iron altar of Okawaru.
  5688 | Lair:8   | Entered Level 8 of the Lair of Beasts
  5860 | Lair:8   | Noticed Bastard's ghost (powerful DsGl)
  5868 | Lair:8   | Reached XP level 12. HP: 42/81 MP: 18/30
  5916 | Lair:8   | Noticed a six-headed hydra
  6105 | Lair:8   | Noticed a six-headed hydra
  6299 | Lair:7   | Noticed a six-headed hydra
  6325 | Lair:7   | Killed a six-headed hydra
  6416 | Lair:7   | Reached skill level 12 in Fire Magic
  6588 | Lair:8   | Killed a six-headed hydra
  7021 | Lair:8   | Killed a six-headed hydra
  7212 | Lair:8   | Got a jewelled broad axe
  7231 | Lair:8   | Identified the +6,+12 broad axe "Shumoukuo" {pain, +Fly} (You found it on level 8 of the Lair of Beasts)
  7725 | Lair:8   | Noticed a death yak
  7725 | Lair:8   | Noticed a catoblepas
  7735 | Lair:8   | Killed a catoblepas
  7749 | Lair:8   | Noticed a death yak
  7756 | Lair:8   | Noticed a death yak
  7756 | Lair:8   | Killed a death yak
  7765 | Lair:8   | Killed a death yak
  7844 | Lair:8   | Noticed a deep troll shaman
  7848 | Lair:8   | Killed a deep troll shaman
  7878 | Lair:8   | Got a brightly glowing trident
  7956 | Lair:8   | Killed a death yak
  8068 | Lair:6   | Identified the +10,+9 trident of Wowyng {flame, +Inv Str+3} (You found it on level 8 of the Lair of Beasts)
  8137 | Lair:6   | Reached XP level 13. HP: 74/86 MP: 25/32
  8143 | Lair:6   | Found a staircase to the Swamp.
  8211 | Lair:4   | Reached skill level 13 in Fire Magic
  8475 | D:9      | Noticed a two-headed ogre
  8483 | D:9      | Killed a two-headed ogre
  8559 | D:10     | Entered Level 10 of the Dungeon
  8598 | D:10     | Noticed Erica
  8608 | D:10     | Killed Erica
  8750 | D:10     | Found Gro Pavi's Antique Armour Emporium.
  8786 | D:10     | Noticed Harold
  8796 | D:10     | Killed Harold
  9305 | D:11     | Found Stroiproegh's Gadget Shoppe.
  9348 | D:11     | Noticed Bastard's ghost (powerful MfGl)
  9427 | D:11     | Found Muolafif's Assorted Antiques.
  9443 | D:11     | Bought a scroll of identify for 58 gold pieces
  9443 | D:11     | Bought a scroll labeled STREMOE PEUMIFI for 29 gold pieces
  9468 | D:11     | Got a fine tin ring
  9504 | D:11     | Noticed Erolcha
  9512 | D:11     | Killed Erolcha
  9512 | D:11     | Reached skill level 1 in Evocations
  9674 | D:11     | Noticed Fannar
  9683 | D:11     | Killed Fannar
 10086 | D:12     | Reached skill level 5 in Evocations
 10302 | D:13     | Noticed Grum
 10303 | D:13     | Reached skill level 1 in Shields
 10306 | D:13     | Killed Grum
 10316 | D:13     | Noticed Maurice
 10372 | D:13     | HP: 2/86 [vampire mosquito (4)]
 10373 | D:13     | Slain by a vampire mosquito

Action                   |  1- 3 |  4- 6 |  7- 9 | 10-12 | 13-15 || total
-------------------------+-------+-------+-------+-------+-------++-------
Melee: Unarmed           |    18 |       |       |       |       ||    18
       Flail             |       |    20 |   109 |   100 |    63 ||   292
       Short sword       |       |       |       |    15 |       ||    15
       Trident           |       |       |       |       |    20 ||    20
       Staff             |       |       |       |       |    10 ||    10
Throw: Dart              |    23 |       |       |       |       ||    23
 Cast: Flame Tongue      |    46 |    26 |    47 |    57 |     8 ||   184
       Conjure Flame     |     1 |     3 |    13 |   100 |    23 ||   140
       Sticky Flame      |       |     1 |    43 |   144 |    47 ||   235
       Fireball          |       |       |     2 |    37 |    71 ||   110
       Apportation       |       |       |       |     2 |    28 ||    30
       Blink             |       |       |       |       |     3 ||     3
Evoke: Wand              |       |       |       |     1 |    19 ||    20
       staff of energy   |       |       |       |       |    43 ||    43
  Use: Potion            |     2 |       |       |     6 |     7 ||    15
       Scroll            |     5 |     1 |     2 |     9 |    21 ||    38
 Stab: Sleeping          |       |       |     3 |       |       ||     3
       Distracted        |       |       |       |       |     1 ||     1
